[Event "ICC Open 2015"]
[Site "Internet Chess Club"]
[Date "2015.05.30"]
[Round "7"]
[White "Hareaum"]
[Black "HaraldEskilstu"]
[Result "0-1"]
[ICCResult "White checkmated"]
[WhiteElo "1775"]
[BlackElo "2071"]
[Opening "Queen's pawn, Mason variation"]
[ECO "D00"]
[NIC "QP.08"]
[Time "20:04:48"]
[TimeControl "180+0"]

1. d4 d5 2. Bf4 Nc6 3. e3 Bf5 4. Bd3 Qd7 5. Bxf5 Qxf5 6. Nf3 O-O-O 7. Nc3 f6
8. h3 e5 9. g4 Qe6 10. dxe5 fxe5 11. Bg5 Nf6 12. Bxf6 gxf6 13. Nh4 Bb4 14.
O-O h5 15. Ng6 Rhg8 16. gxh5 Bxc3 17. bxc3 Qxh3 18. f4 Qg3+ 19. Kh1 Rxg6 20.
Qf3 Qxf3+ 21. Rxf3 Rh8 22. Rh3 Rgh6 23. fxe5 Rxh5 24. Rxh5 Rxh5+ 25. Kg2
fxe5 26. Rf1 b6 27. Rf7 Kb7 28. Kg3 Rh1 29. Rf2 Ra1 30. c4 dxc4 31. c3 b5
32. Kf3 a5 33. Ke4 b4 34. Kd5 b3 35. Kxc4 Rxa2 36. Rf1 a4 37. Rb1 Kb6 38. e4
b2 39. Kd3 a3 40. Kc2 Ra1 41. Rxb2+ axb2 42. Kxb2 Re1 43. Kb3 Rxe4 44. Ka3
Kb5 45. Kb3 Re3 46. Kc2 Kc4 47. Kb2 Rxc3 48. Ka2 Kb4 49. Kb2 Nd4 50. Kb1 Rc2
51. Ka1 Kb3 52. Kb1 e4 53. Ka1 Rc1# {White checkmated} 0-1

[Event "ICC Open 2015"]
[Site "Internet Chess Club"]
[Date "2015.05.30"]
[Round "7"]
[White "mvillalba"]
[Black "AntiKiller"]
[Result "1-0"]
[ICCResult "Black checkmated"]
[WhiteElo "2251"]
[BlackElo "2758"]
[Opening "Scandinavian (center counter) defense"]
[ECO "B01"]
[NIC "SD.02"]
[Time "20:04:51"]
[TimeControl "180+0"]

1. e4 d5 2. exd5 Qxd5 3. Nc3 Qd8 4. Nf3 Nf6 5. Bc4 Bf5 6. d4 e6 7. Bg5 c6 8.
O-O Nbd7 9. Qe2 Be7 10. Rad1 O-O 11. Ne5 Re8 12. h3 Nd5 13. Bxe7 Rxe7 14.
Ne4 N7f6 15. Ng3 Bg6 16. Nxg6 hxg6 17. Bd3 Nf4 18. Qe3 Nxd3 19. Rxd3 Rd7 20.
Rfd1 Nd5 21. Qd2 Qe7 22. Ne4 Nf6 23. Nc5 Rc7 24. c4 b6 25. Nb3 Rd7 26. a4
Rad8 27. a5 Qd6 28. axb6 axb6 29. c5 Qc7 30. cxb6 Qxb6 31. Nc5 Rd5 32. Qc3
Nd7 33. Nxd7 R8xd7 34. Rc1 R7d6 35. b3 Rb5 36. Qc4 Rb4 37. Qc5 Qb8 38. Rc4
Rb5 39. Qa3 Qb7 40. Qxd6 Rd5 41. Qxc6 Qa7 42. Ra4 Qe7 43. Ra8+ Kh7 44. Qe8
Qxe8 45. Rxe8 g5 46. Rb8 Kg6 47. b4 f5 48. b5 g4 49. hxg4 fxg4 50. b6 Kf5
51. b7 Ke4 52. Rc8 Kxd3 53. b8=Q Rxd4 54. Qb3+ Ke4 55. Rc4 e5 56. Rxd4+ exd4
57. Qc4 g5 58. Kf1 g3 59. fxg3 Ke3 60. Ke1 d3 61. Qe6+ Kd4 62. Kd2 g4 63.
Qe3+ Kc4 64. Qxd3+ Kc5 65. Kc3 Kc6 66. Qd4 Kb5 67. Qc4+ Kb6 68. Qd5 Kc7 69.
Qe6 Kb7 70. Qd6 Kc8 71. Qe7 Kb8 72. Kb4 Kc8 73. Kc5 Kb8 74. Kb6 Kc8 75. Qc7#
{Black checkmated}
1-0

[Event "ICC Open 2015"]
[Site "Internet Chess Club"]
[Date "2015.05.30"]
[Round "7"]
[White "yellow"]
[Black "paulohaddad"]
[Result "0-1"]
[ICCResult "White forfeits on time"]
[WhiteElo "1509"]
[BlackElo "1744"]
[Opening "QGD: 4.Bg5 Be7"]
[ECO "D53"]
[NIC "QO.13"]
[Time "20:04:18"]
[TimeControl "180+0"]

1. d4 d5 2. c4 e6 3. Nc3 Nf6 4. Bg5 Be7 5. Bxf6 Bxf6 6. e3 O-O 7. Nf3 b6 8.
cxd5 exd5 9. Bd3 Bg4 10. h3 Bh5 11. g4 Bg6 12. Bxg6 fxg6 13. Rc1 c5 14. dxc5
Bxc3+ 15. Rxc3 bxc5 16. Rxc5 Nc6 17. Rxc6 Qa5+ 18. Nd2 d4 19. Qb3+ Kh8 20.
exd4 Rae8+ 21. Kd1 Rxf2 22. Qc3 Qxa2 23. Kc2 Qd5 24. Rc8 Qe4+ 25. Kc1 Qe3
26. Rxe8+ Qxe8 27. Rf1 Re2 28. Qf3 Re1+ 29. Rxe1 Qxe1+ 30. Kc2 h6 31. Qf8+
Kh7 32. Qf3 Qe7 33. Ne4 Qc7+ 34. Nc3 Qh2+ 35. Kb3 Qd6 36. g5 h5 37. Qd5 Qb6+
38. Kc2 Qb4 39. Qb3 Qe7 40. d5 Qe5 41. Qc4 Qh2+ 42. Qe2 Qb8 43. d6 Qd8 44.
Qe5 Qd7 45. Qe7 Qc6 46. d7 Qg2+ 47. Ne2 Qb7 48. d8=Q Qc6+
{White forfeits on time}
0-1

[Event "ICC Open 2015"]
[Site "Internet Chess Club"]
[Date "2015.05.30"]
[Round "7"]
[White "WayTooRighteous"]
[Black "Aladdin"]
[Result "0-1"]
[ICCResult "White resigns"]
[WhiteElo "1948"]
[BlackElo "2357"]
[Opening "Trompowsky attack (Ruth, Opocenský opening)"]
[ECO "A45"]
[NIC "QP.07"]
[Time "20:04:42"]
[TimeControl "180+0"]

1. d4 Nf6 2. Bg5 e6 3. e4 c5 4. d5 d6 5. c4 exd5 6. exd5 Be7 7. Nc3 O-O 8.
Nf3 Re8 9. Be2 h6 10. Bh4 Bg4 11. Bg3 Nbd7 12. O-O Nf8 13. h3 Bh5 14. Bd3 a6
15. Re1 N6d7 16. Ne4 Ne5 17. Bxe5 Bxf3 18. Qxf3 dxe5 19. Rad1 Bd6 20. Ng3 g6
21. Qe3 Kg7 22. f3 Rc8 23. Qd2 b6 24. Qc2 Nd7 25. Ne4 Nf6 26. Qa4 a5 27. Qb3
Rb8 28. Nc3 Nh5 29. Ne2 f5 30. Qc2 Qg5 31. Qd2 Qf6 32. g4 fxg4 33. fxg4 Nf4
34. Nxf4 exf4 35. Rf1 Qd4+ 36. Kg2 Re3 37. Rf3 Rbe8 38. Qf2 Rxf3 39. Qxf3
Qxb2+ 40. Kh1 Re3 41. Qf1 Qe5 42. Qf2 f3 43. Bb1 Qf4 44. Rf1 Re2 45. Qg1 f2
46. Qg2 Re1 47. Bd3 Qe3 48. Qxf2 Qxf2 {White resigns} 0-1

[Event "ICC Open 2015"]
[Site "Internet Chess Club"]
[Date "2015.05.30"]
[Round "7"]
[White "EddieBarber"]
[Black "guchess"]
[Result "0-1"]
[ICCResult "White checkmated"]
[WhiteElo "1846"]
[BlackElo "2300"]
[Opening "Sicilian: Kan, 5.Nc3"]
[ECO "B43"]
[NIC "SI.41"]
[Time "20:04:29"]
[TimeControl "180+0"]

1. e4 c5 2. Nf3 e6 3. d4 cxd4 4. Nxd4 a6 5. Nc3 b5 6. Bd3 Bb7 7. O-O Qc7 8.
a4 b4 9. Na2 Nf6 10. Re1 h5 11. e5 Ng4 12. Nf3 Bc5 13. Rf1 Nxe5 14. Nxe5
Qxe5 15. Kh1 h4 16. f3 h3 17. f4 Bxg2# {White checkmated} 0-1

[Event "ICC Open 2015"]
[Site "Internet Chess Club"]
[Date "2015.05.30"]
[Round "7"]
[White "Philidor"]
[Black "QuintilianoR"]
[Result "0-1"]
[ICCResult "White forfeits on time"]
[WhiteElo "2214"]
[BlackElo "2572"]
[Opening "Sicilian: Grand Prix attack"]
[ECO "B23"]
[NIC "SI.44"]
[Time "20:04:27"]
[TimeControl "180+0"]

1. e4 c5 2. Nc3 Nc6 3. f4 g6 4. Nf3 Bg7 5. Bb5 Nd4 6. O-O Nxb5 7. Nxb5 d5 8.
exd5 a6 9. Nc3 Nf6 10. d4 Nxd5 11. dxc5 Nxc3 12. Qxd8+ Kxd8 13. bxc3 Kc7 14.
Rb1 Be6 15. Nd4 Bxa2 16. Rb2 Bd5 17. Be3 e6 18. Rfb1 Rhc8 19. c6 Bxd4 20.
Bxd4 Bxc6 21. Rd1 b5 22. c4 Rd8 23. Kf2 Rd7 24. cxb5 axb5 25. Be5+ Kb7 26.
Rxd7+ Bxd7 27. c4 Ra5 28. Rd2 Bc6 29. cxb5 Bxb5 30. Kg3 Ra3+ 31. Kg4 Bc6 32.
Kg5 Bd5 33. Kf6 Kc6 34. Rc2+ Kd7 35. Kxf7 Ra7 36. Kf6 Ke8 37. h4 Rf7+ 38.
Kg5 Rb7 39. Kh6 Be4 40. g4 Bxc2 41. g5 Kf8 42. Bd6+ Kg8 43. Be5 Bf5 44. Bf6
Rb1 45. h5 Rh1 {White forfeits on time} 0-1

[Event "ICC Open 2015"]
[Site "Internet Chess Club"]
[Date "2015.05.30"]
[Round "7"]
[White "manitodeplomo"]
[Black "nurmi"]
[Result "1-0"]
[ICCResult "Black checkmated"]
[WhiteElo "2669"]
[BlackElo "2199"]
[Opening "Old Indian defense"]
[ECO "A42"]
[NIC "KF.01"]
[Time "20:04:17"]
[TimeControl "180+0"]

1. d4 d6 2. c4 e5 3. Nc3 g6 4. Nf3 Bg7 5. e4 Nd7 6. Be2 Ne7 7. Be3 O-O 8.
O-O a5 9. Qd2 f5 10. exf5 Nxf5 11. Rad1 exd4 12. Bxd4 Nxd4 13. Nxd4 Ne5 14.
b3 Bd7 15. Rfe1 Kh8 16. h3 Bc6 17. f4 Nd7 18. Ne6 Qf6 19. Nxf8 Rxf8 20. Nd5
Bxd5 21. Qxd5 Qxf4 22. Bf3 Ne5 23. Qxb7 Qg3 24. Rf1 Bh6 25. Qe4 Bf4 26. Rd4
Qh2+ 27. Kf2 Nxf3 28. Kxf3 Be5+ 29. Ke2 Rxf1 30. Kxf1 Bxd4 31. Qxd4+ Kg8 32.
Qd5+ Kg7 33. Qd4+ Kg8 34. Qd5+ Kg7 35. Qf3 Qe5 36. Qe2 Qa1+ 37. Kf2 Qf6+ 38.
Ke3 Qe5+ 39. Kd3 Qf5+ 40. Kc3 Qf6+ 41. Kc2 Qa1 42. Kd3 Qf6 43. Kd2 Qb2+ 44.
Kd3 Qb1+ 45. Ke3 Qf5 46. Kd2 Qb1 47. Ke3 Qc1+ 48. Qd2 Qg1+ 49. Kd3 Qf1+ 50.
Kc3 Qf5 51. Qd4+ Kh6 52. Qd2+ Kg7 53. Kb2 Kg8 54. Qc3 Qf2+ 55. Qc2 Qf6+ 56.
Ka3 Qf5 57. Qxf5 gxf5 58. Ka4 f4 59. Kxa5 h5 60. Kb4 Kf7 61. Kc3 Kf6 62. Kd4
Kg5 63. Ke4 Kh4 64. Kxf4 c6 65. b4 d5 66. cxd5 cxd5 67. b5 d4 68. b6 d3 69.
Ke3 d2 70. Kxd2 Kg3 71. b7 Kxg2 72. b8=Q Kxh3 73. Qh8 Kg4 74. a4 h4 75. a5
h3 76. a6 Kg3 77. a7 Kg2 78. a8=Q+ Kg1 79. Qac8 Kf2 80. Qf5+ Kg1 81. Qg7+
Kh2 82. Qf2+ Kh1 83. Qb7# {Black checkmated} 1-0

[Event "ICC Open 2015"]
[Site "Internet Chess Club"]
[Date "2015.05.30"]
[Round "7"]
[White "marcocoimbra"]
[Black "oskarchess"]
[Result "0-1"]
[ICCResult "White resigns"]
[WhiteElo "1442"]
[BlackElo "1814"]
[Opening "Bird's opening"]
[ECO "A03"]
[NIC "VO.07"]
[Time "20:04:44"]
[TimeControl "180+0"]

1. f4 d5 2. d4 c5 3. c3 e6 4. e3 Nf6 5. Bd3 Nc6 6. a3 a5 7. Nd2 Rb8 8. Ngf3
b5 9. b3 c4 10. Bc2 cxb3 11. Nxb3 a4 12. Nbd2 Na5 13. Qe2 Qc7 14. Bb2 Bd6
15. O-O O-O 16. g4 Ba6 17. Bd3 Nc4 18. Nxc4 bxc4 19. Bb1 Rb3 20. Ne5 Rfb8
21. Ba2 Rxb2 22. Rab1 Rxb1 23. Rxb1 Bxe5 24. fxe5 Ne4 25. Qc2 Rxb1+ 26. Bxb1
Qc6 27. h3 g6 28. Qb2 Qb5 29. Qb4 Qxb4 30. cxb4 Nd2 31. Bc2 Bb5 32. Kf2 c3
33. Ke1 Kf8 34. h4 Ke7 35. h5 Kd7 36. hxg6 hxg6 37. g5 Kc6 38. Kd1 Nb3 39.
Ke1 Bc4 40. Kd1 Kb5 41. Ke1 Nd2 42. Kd1 Ne4 43. Bxe4 dxe4 44. Kc2 Bd3+ 45.
Kc1 Kc4 46. Kd1 Kb3 47. b5 Bxb5 48. Kc1 Bc4 49. d5 Bxd5 50. Kb1 Bc4 51. Kc1
Bd3 52. Kd1 Kb2 53. Ke1 c2 54. Kf2 c1=Q 55. Kg3 Qxe3+ {White resigns} 0-1

[Event "ICC Open 2015"]
[Site "Internet Chess Club"]
[Date "2015.05.30"]
[Round "7"]
[White "xyro"]
[Black "El-Flippo"]
[Result "0-1"]
[ICCResult "White forfeits on time"]
[WhiteElo "1815"]
[BlackElo "1451"]
[Opening "King's Indian: 6.Be2"]
[ECO "E91"]
[NIC "KI.19"]
[Time "20:04:28"]
[TimeControl "180+0"]

1. d4 Nf6 2. c4 d6 3. Nf3 g6 4. Nc3 Bg7 5. e4 O-O 6. Be2 Nbd7 7. O-O c5 8.
d5 a6 9. Bf4 Nh5 10. Be3 Nhf6 11. h3 Rb8 12. a4 h6 13. Qd2 Kh7 14. Rfe1 Re8
15. Bf1 Nh5 16. Rad1 Ne5 17. Nxe5 Bxe5 18. Bxh6 b5 19. axb5 axb5 20. cxb5
Nf6 21. Be3 Nh5 22. f4 Bg7 23. Qf2 Nf6 24. e5 dxe5 25. fxe5 Ng8 26. Bxc5 Rf8
27. d6 exd6 28. Bxd6 Rb7 29. Ne4 Re8 30. Bc4 Be6 31. Bxe6 Rxe6 32. Qe3 Bh6
33. Qf3 Qb6+ 34. Kh1 Ne7 35. Nf6+ Rxf6 36. Qxf6 Nf5 37. e6 Ng3+ 38. Kh2 Nh5
39. Qf3 fxe6 40. Rxe6 Nf4 41. Bxf4 Qxe6 42. Qxb7+ Bg7 43. Bh6 Qe5+ 44. Kh1
Kxh6 {White forfeits on time} 0-1

[Event "ICC Open 2015"]
[Site "Internet Chess Club"]
[Date "2015.05.30"]
[Round "7"]
[White "daddyo"]
[Black "bythebook"]
[Result "1-0"]
[ICCResult "Black forfeits on time"]
[WhiteElo "1480"]
[BlackElo "1609"]
[Opening "English opening"]
[ECO "A16"]
[NIC "EO.64"]
[Time "20:06:15"]
[TimeControl "180+0"]

1. c4 Nf6 2. Nc3 c5 3. d3 Nc6 4. Nf3 g6 5. Bf4 a6 6. h3 Bg7 7. e4 d6 8. Be2
O-O 9. O-O e5 10. Bg5 h6 11. Bd2 Nd4 12. Nxd4 cxd4 13. Nd5 Nxd5 14. cxd5 f5
15. Qc1 f4 16. Qd1 h5 17. Qb3 Rb8 18. Qa3 g5 19. Bxh5 g4 20. hxg4 Qh4 21. f3
Rf6 22. Qa4 b5 23. Qa5 Bd7 24. Qc7 Rbf8 25. Qxd7 Rh6 26. a4 Kh8 27. a5 Rg8
28. Bb4 Bf8 29. Qf5 {Black forfeits on time} 1-0

[Event "ICC Open 2015"]
[Site "Internet Chess Club"]
[Date "2015.05.30"]
[Round "7"]
[White "GGuseinov"]
[Black "EREBUNI"]
[Result "0-1"]
[ICCResult "White resigns"]
[WhiteElo "3008"]
[BlackElo "3053"]
[Opening "Sicilian: Kan, 5.Nc3"]
[ECO "B43"]
[NIC "SI.41"]
[Time "20:05:17"]
[TimeControl "180+0"]

1. e4 c5 2. Nf3 e6 3. d4 cxd4 4. Nxd4 a6 5. Nc3 b5 6. Bd3 Bc5 7. Nb3 Be7 8.
O-O Bb7 9. Re1 d6 10. a4 b4 11. Na2 Nc6 12. Bd2 a5 13. c3 bxc3 14. Nxc3 Nf6
15. Nb5 O-O 16. Rc1 Nd7 17. Bc3 Nde5 18. Bf1 Qb6 19. Qd2 Rfd8 20. N3d4 d5
21. Nxc6 Nxc6 22. exd5 Rxd5 23. Qe3 Qxe3 24. Rxe3 Rad8 25. Rce1 Bc5 26. Rg3
g6 27. Bc4 Rf5 28. Rf3 Rxf3 29. gxf3 Nb4 30. Be2 Bc6 31. Rd1 Rxd1+ 32. Bxd1
Kf8 33. Be2 Ke7 34. b3 Bd5 35. Bd1 Nd3 36. Bxa5 Nxf2 37. Bc2 Ng4+ 38. Kf1
Ne3+ 39. Ke2 Nxc2 40. Kd3 Bxb3 41. Nc3 Nb4+ 42. Kd2 Nd5 43. Ne4 Be3+ 44. Kd3
Bxa4 45. Be1 Bb5+ 46. Kc2 f5 47. Bh4+ Kd7 48. Ng3 g5 {White resigns} 0-1

[Event "ICC Open 2015"]
[Site "Internet Chess Club"]
[Date "2015.05.30"]
[Round "7"]
[White "Champion"]
[Black "NAS"]
[Result "0-1"]
[ICCResult "White forfeits on time"]
[WhiteElo "1915"]
[BlackElo "1745"]
[Opening "Sicilian: Najdorf"]
[ECO "B90"]
[NIC "SI.14"]
[Time "20:04:56"]
[TimeControl "180+0"]

1. e4 c5 2. Nf3 d6 3. d4 cxd4 4. Nxd4 Nf6 5. Nc3 a6 6. Bd3 e5 7. Nb3 Be6 8.
O-O Be7 9. h3 O-O 10. Qe2 Nc6 11. Be3 b6 12. f4 exf4 13. Bxf4 Ne5 14. Be3 b5
15. a3 Rc8 16. Qf2 Nc4 17. Bxc4 Bxc4 18. Rfd1 Qc7 19. Nd4 Be6 20. Nf3 Rfd8
21. Bd4 a5 22. Bb6 Qc4 23. Bxd8 Rxd8 24. Qd4 Qc6 25. Kh1 Qc8 26. Ng5 Nh5 27.
Nxe6 Qxe6 28. Qd5 Ng3+ 29. Kh2 Qg6 30. Rd3 Bh4 31. e5 Nf5 32. exd6 Bg3+ 33.
Kh1 Bxd6 34. Ne4 Ng3+ 35. Nxg3 h5 36. Qf3 b4 37. Nf5 Be7 38. Rxd8+ Bxd8 39.
Re1 Bf6 40. Re8+ Kh7 41. Nd6 bxa3 42. Qf5 Qxf5 43. Nxf5 a2 44. Re1 Bxb2 45.
c4 a1=Q 46. Rxa1 Bxa1 47. c5 Be5 48. c6 Bc7 49. Ne3 Kg6 50. Nc4 Kf6 51. Kg1
Ke6 52. Kf2 Kd5 53. Nxa5 Bxa5 {White forfeits on time} 0-1

[Event "ICC Open 2015"]
[Site "Internet Chess Club"]
[Date "2015.05.30"]
[Round "7"]
[White "Osya"]
[Black "Smokie"]
[Result "1-0"]
[ICCResult "Black forfeits on time"]
[WhiteElo "1877"]
[BlackElo "1416"]
[Opening "English: symmetrical variation"]
[ECO "A30"]
[NIC "EO.26"]
[Time "20:05:03"]
[TimeControl "180+0"]

1. c4 c5 2. Nf3 Nc6 3. g3 g6 4. Bg2 Bg7 5. O-O Nf6 6. d4 cxd4 7. Nxd4 O-O 8.
Nc3 d6 9. Nxc6 bxc6 10. Bxc6 Rb8 11. Bg2 Qa5 12. Nd5 Nxd5 13. cxd5 Bxb2 14.
Bxb2 Rxb2 15. a3 Bf5 16. e4 Bd7 17. Qd4 Rd2 18. Qe3 Rc8 19. Rfc1 Rdc2 20. h4
Rxc1+ 21. Rxc1 Rxc1+ 22. Qxc1 Kg7 23. Qe3 Qb6 24. Qg5 Qb1+ 25. Kh2 f6 26.
Qe3 Qb6 27. Qxb6 axb6 28. Kg1 Bg4 29. Kf1 Kf7 30. Ke1 e6 31. Kd2 exd5 32.
exd5 Bd7 33. Kc3 f5 34. Bf1 h6 35. Kb4 Kf6 36. f4 g5 37. Bb5 gxf4 38. Bxd7
fxg3 39. Kb5 g2 40. Kxb6 g1=Q+ 41. Kc7 Qc5+ 42. Bc6 Qa7+ 43. Bb7 Qxa3 44. h5
Kg5 45. Bc8 Kxh5 46. Bxf5 {Black forfeits on time} 1-0

[Event "ICC Open 2015"]
[Site "Internet Chess Club"]
[Date "2015.05.30"]
[Round "7"]
[White "Dictator"]
[Black "eddington"]
[Result "1-0"]
[ICCResult "Black resigns"]
[WhiteElo "2608"]
[BlackElo "2178"]
[Opening "QGD: classical variation (5.Bf4)"]
[ECO "D31"]
[NIC "QO.04"]
[Time "20:05:20"]
[TimeControl "180+0"]

1. d4 d5 2. c4 e6 3. Nc3 Be7 4. Nf3 Nf6 5. Bf4 O-O 6. e3 Nbd7 7. Be2 c5 8.
cxd5 exd5 9. dxc5 Nxc5 10. O-O Be6 11. Be5 Nfe4 12. Rc1 Bf6 13. Bxf6 Nxf6
14. Qd4 b6 15. Rfd1 Qe7 16. Ne5 Rac8 17. Bf3 Qb7 18. Nb5 Rfd8 19. h3 a6 20.
Nc3 h6 21. b4 Ncd7 22. Ne2 Rxc1 23. Rxc1 Nxe5 24. Qxe5 Rc8 25. Rd1 Qc7 26.
Qd4 Qb7 27. Nf4 Rd8 28. a4 Qc6 29. a5 bxa5 30. bxa5 Rd7 31. Nd3 Rc7 32. Rc1
Qd6 33. Rxc7 Qxc7 34. Qc5 Qxc5 35. Nxc5 Bc8 36. Be2 Ne4 37. Bxa6 Bxa6 38.
Nxa6 Nd6 39. Nc7 Nc4 40. a6 Nb6 41. a7 Kf8 42. a8=Q+ Nxa8 43. Nxa8 Ke7 44.
Nb6 {Black resigns} 1-0

[Event "ICC Open 2015"]
[Site "Internet Chess Club"]
[Date "2015.05.30"]
[Round "7"]
[White "dadgumit"]
[Black "LooneyBinJim"]
[Result "0-1"]
[ICCResult "White forfeits on time"]
[WhiteElo "1213"]
[BlackElo "1716"]
[Opening "Caro-Kann defense"]
[ECO "B10"]
[NIC "CK.01"]
[Time "20:04:25"]
[TimeControl "180+0"]

1. e4 c6 2. f4 d5 3. e5 Bf5 4. d3 h5 5. c3 e6 6. Be2 g6 7. Nf3 Nh6 8. Ng5
Nd7 9. O-O Qb6+ 10. d4 Bxb1 11. Rxb1 Be7 12. Be3 c5 13. dxc5 Bxc5 14. Bxc5
Nxc5 15. Kh1 Rd8 16. b4 Nd7 17. a4 Nf5 18. a5 Qc7 19. Rc1 Ne3 20. Qb3 Nxf1
21. Rxf1 Rc8 22. c4 dxc4 23. Qc3 Nb8 24. b5 O-O 25. g4 hxg4 26. Bxg4 Qc5 27.
f5 Qd5+ 28. Bf3 Qd3 29. Qc1 exf5 30. Rd1 Qa3 31. Qf4 Kg7 32. e6 f6 33. Nf7
Rxf7 34. exf7 Kxf7 35. Qd4 Qxf3+ 36. Kg1 Re8 37. Rf1 Qe3+ 38. Qxe3 Rxe3 39.
h4 c3 40. h5 gxh5 41. Rxf5 Nd7 42. Rxh5 c2 43. Rh7+ Ke6 {White forfeits on
time} 0-1

[Event "ICC Open 2015"]
[Site "Internet Chess Club"]
[Date "2015.05.30"]
[Round "7"]
[White "catman"]
[Black "JRussell2"]
[Result "1-0"]
[ICCResult "Black forfeits on time"]
[WhiteElo "1782"]
[BlackElo "1228"]
[Opening "Queen's pawn, Mason variation"]
[ECO "D00"]
[NIC "QP.08"]
[Time "20:04:40"]
[TimeControl "180+0"]

1. d4 d5 2. Bf4 Nf6 3. e3 Nc6 4. Nf3 h6 5. h3 e6 6. Nbd2 Bd6 7. Bxd6 cxd6 8.
c3 e5 9. Bb5 exd4 10. exd4 Bd7 11. O-O O-O 12. Bd3 Re8 13. Re1 Qb6 14. Qc2
Rxe1+ 15. Rxe1 Re8 16. Rxe8+ Bxe8 17. Nb3 Nd8 18. Qe2 Ne6 19. g3 Qc6 20. h4
Ne4 21. Nbd2 f5 22. Ne1 Bg6 23. f3 Nxg3 24. Qxe6+ Bf7 25. Qe3 Nh5 26. Bxf5
Qb6 27. b3 Qa6 28. Be6 Qxa2 29. Bxf7+ Kxf7 30. Kf2 Nf6 31. Qe2 Qa5 32. Qd3
Qd8 33. Ng2 Qe7 34. Qe3 Qd7 35. Qf4 Kg8 36. Qg3 {Black forfeits on time} 1-0

[Event "ICC Open 2015"]
[Site "Internet Chess Club"]
[Date "2015.05.30"]
[Round "7"]
[White "druskacik"]
[Black "pagoda"]
[Result "1-0"]
[ICCResult "Black forfeits on time"]
[WhiteElo "2447"]
[BlackElo "1976"]
[Opening "Pirc: Ufimtsev-Pytel variation"]
[ECO "B07"]
[NIC "PU.08"]
[Time "20:04:46"]
[TimeControl "180+0"]

1. e4 d6 2. d4 Nf6 3. Nc3 c6 4. a4 Qa5 5. Bd3 e5 6. Nf3 Be7 7. O-O Bg4 8.
dxe5 dxe5 9. Bd2 Qc7 10. h3 Bh5 11. g4 Bg6 12. Qe2 O-O 13. Rfd1 Nbd7 14. Bg5
Nc5 15. Nh4 Ne6 16. Be3 Bc5 17. Nf5 Bd4 18. Bc4 Bxc3 19. bxc3 Nxe4 20. Qd3
N6c5 21. Bxc5 Nxc5 22. Qe3 b6 23. a5 Rae8 24. axb6 axb6 25. Bf1 Bxf5 26.
gxf5 Qe7 27. Bg2 Qf6 28. Qf3 e4 29. Qg4 Qxc3 30. Rab1 b5 31. Re1 Qxc2 32.
Rbc1 Qd2 33. f6 g6 34. Red1 Qb2 35. Rxc5 Qxf6 36. Qg5 Qxg5 37. Rxg5 f6 38.
Rc5 Re6 39. Rdc1 Rc8 40. Rxb5 Rd8 41. Rbc5 Rdd6 42. Bf1 f5 43. Bc4 Kg7 44.
Bxe6 Rxe6 45. Rxc6 Rxc6 46. Rxc6 Kh6 47. Kg2 Kg5 48. Rc7 h5 49. Rc5 h4 50.
Rc6 Kf4 51. Rxg6 e3 52. fxe3+ Kxe3 53. Rf6 f4 54. Rf7 {Black forfeits on
time} 1-0

[Event "ICC Open 2015"]
[Site "Internet Chess Club"]
[Date "2015.05.30"]
[Round "7"]
[White "playwaycool"]
[Black "Spirals"]
[Result "0-1"]
[ICCResult "White checkmated"]
[WhiteElo "2364"]
[BlackElo "2152"]
[Opening "Queen's pawn game"]
[ECO "D04"]
[NIC "QP.08"]
[Time "20:04:46"]
[TimeControl "180+0"]

1. d4 d5 2. Nf3 Nf6 3. e3 g6 4. Nbd2 Bg7 5. Bd3 O-O 6. Ne5 Nbd7 7. f4 e6 8.
O-O c5 9. c3 b6 10. Qe2 Bb7 11. Ba6 Qc8 12. Bxb7 Qxb7 13. h3 a6 14. b3 cxd4
15. cxd4 Rfc8 16. Ba3 Rc2 17. Rfc1 Rac8 18. Rxc2 Rxc2 19. Qd3 Rc8 20. Rc1
Rxc1+ 21. Bxc1 Qc8 22. Ba3 Nxe5 23. fxe5 Nd7 24. e4 dxe4 25. Nxe4 b5 26. Nd6
Qc6 27. Qf1 f5 28. Qc1 Qxc1+ 29. Bxc1 Bf8 30. Nb7 Be7 31. Bd2 Nb6 32. Nc5
Bxc5 33. dxc5 Nd5 34. b4 Ne7 35. Kf2 Nc6 36. Bc3 Kf7 37. Kf3 g5 38. g3 Kg6
39. a3 h5 40. g4 fxg4+ 41. hxg4 h4 42. Kg2 Ne7 43. Bd4 Nc6 44. Bc3 Ne7 45.
Kh3 Nc6 46. Kh2 Ne7 47. Bb2 Nc6 48. Kg2 Ne7 49. Kf2 Nc6 50. Bc3 Ne7 51. Kf3
Nd5 52. Bd2 Ne7 53. Be3 Nc6 54. Ke4 Kh6 55. Bg1 Kg6 56. Bh2 Kh6 57. Kd3 Kg6
58. Kc3 Kh6 59. Kb3 Kg6 60. a4 Kh6 61. axb5 axb5 62. Kc3 Kg6 63. Kb3 Kf7 64.
Kc3 Ke7 65. Kb3 Kd7 66. Kc3 Ne7 67. Kb3 Kc6 68. Kc3 Kd5 69. Kd3 Nc6 70. Ke3
Nxb4 71. Kf3 Nc6 72. Bg1 Nxe5+ 73. Kg2 Nxg4 74. Kf3 Ne5+ 75. Kg2 Nc6 76. Be3
b4 77. Bxg5 b3 78. Bc1 e5 79. Bb2 Kxc5 80. Kf3 Kc4 81. Ke4 h3 82. Kf3 h2 83.
Kg2 Kd3 84. Kxh2 Kc2 85. Ba3 b2 86. Bxb2 Kxb2 87. Kg2 Kc3 88. Kf2 Kd3 89.
Ke1 e4 90. Kd1 e3 91. Ke1 e2 92. Kf2 Kd2 93. Kf3 e1=Q 94. Kf4 Qe3+ 95. Kf5
Nb4 96. Kf6 Qe4 97. Kf7 Qc6 98. Ke7 Ke3 99. Kf7 Kf4 100. Kg7 Kf5 101. Kf8
Qc7 102. Kg8 Kf6 103. Kh8 Qg7# {White checkmated} 0-1

[Event "ICC Open 2015"]
[Site "Internet Chess Club"]
[Date "2015.05.30"]
[Round "7"]
[White "ayyadov"]
[Black "slothchess"]
[Result "0-1"]
[ICCResult "White forfeits on time"]
[WhiteElo "2005"]
[BlackElo "1845"]
[Opening "Queen's pawn game"]
[ECO "A46"]
[NIC "QP.06"]
[Time "20:04:08"]
[TimeControl "180+0"]

1. d4 Nf6 2. Nf3 e6 3. g3 b6 4. Bg2 Bb7 5. O-O c5 6. c4 cxd4 7. Qxd4 Nc6 8.
Qd2 d5 9. cxd5 Qxd5 10. Qxd5 Nxd5 11. a3 Be7 12. b4 Rc8 13. Bb2 O-O 14. Nc3
Ncxb4 15. axb4 Nxc3 16. Bxc3 Rxc3 17. Rxa7 Bxf3 18. Bxf3 Bxb4 19. Rd1 Bc5
20. Rdd7 g6 21. Kg2 Kg7 22. Rab7 h5 23. h4 Rc2 24. Rbc7 Rc4 25. Rb7 Rd4 26.
Rdc7 Rd6 27. Be4 Kf6 28. e3 Ke5 29. Kf3 f5 30. Bc2 Rd2 31. Bb3 Rb2 32. Bc4
Rb4 33. Bd3 Rd8 34. Be2 Rd2 35. Rd7 Rxd7 36. Rxd7 Bd6 37. Rb7 Rb2 38. Bc4
Bc5 39. Rc7 Rb4 40. Ba2 Rb2 41. Bc4 Rb4 42. Be2 Rb2 43. Rb7 Rb4 44. Rh7 Kf6
45. Rd7 Rb2 46. Rd3 b5 47. Rc3 Be7 48. Rc6 b4 49. Bc4 Rc2 50. Rxe6+ Kf7 51.
Rc6+ Ke8 52. e4 b3 53. Bb5 Rxc6 54. Bxc6+ Kf7 55. exf5 b2 56. Be4 g5 57.
hxg5 Bxg5 58. Bb1 Bc1 59. Ke4 Kf6 60. f4 h4 61. Bc2 h3 62. Bb1 h2 63. g4
h1=Q+ 64. Kd4 Qe1 65. g5+ Kf7 66. Kd5 Kf8 {White forfeits on time} 0-1

[Event "ICC Open 2015"]
[Site "Internet Chess Club"]
[Date "2015.05.30"]
[Round "7"]
[White "LordProtector"]
[Black "Dark-Magician"]
[Result "0-1"]
[ICCResult "White resigns"]
[WhiteElo "2974"]
[BlackElo "2380"]
[Opening "Sicilian: Scheveningen, classical main line"]
[ECO "B47"]
[NIC "SI.40"]
[Time "20:05:37"]
[TimeControl "180+0"]

1. e4 c5 2. Nf3 e6 3. d4 cxd4 4. Nxd4 Nc6 5. Nc3 Qc7 6. Be2 a6 7. O-O Nf6 8.
Be3 Be7 9. f4 d6 10. Qe1 O-O 11. Qg3 Nxd4 12. Bxd4 b5 13. a3 Bb7 14. Kh1
Rac8 15. Rae1 Ne8 16. Bd3 Qd8 17. Qh3 g6 18. f5 Bf6 19. Bxf6 Qxf6 20. e5 Qg5
21. fxe6 dxe5 22. Be4 Rc7 23. Bxb7 Rxb7 24. Nd5 f5 25. Rxe5 Ng7 26. e7 Re8
27. Rfe1 Rd7 28. Qb3 Kh8 29. a4 Rb7 30. axb5 Rxb5 31. Qc3 h5 32. Qc6 Qd2 33.
Nc7 Rxe5 34. Rg1 R8xe7 35. Qa8+ Kh7 36. h3 Rxc7 {White resigns} 0-1